 Dungeon Crawl Stone Soup version 0.30-a0-49-g1cef19eb02 (webtiles) character file.

Game seed: 15795215729224246994

266 purpskrrrp the Digger (level 6, 0/32 HPs)
             Began as a Gargoyle Earth Elementalist on Sept 2, 2022.
             Killed from afar by an orc wizard (7 damage)
             ... with a magic dart
             ... on level 4 of the Dungeon.
             The game lasted 00:09:45 (3718 turns).

purpskrrrp the Digger (Gargoyle Earth Elementalist) Turns: 3718, Time: 00:09:45

Health: 0/32       AC: 10    Str: 11    XL:     6   Next: 20%
Magic:  10/10      EV: 10    Int: 20    God:
Gold:   148        SH:  0    Dex: 10    Spells: 6/10 levels left

rFire   . . .      SeeInvis .    d - +4 spear
rCold   . . .      Faith    .    (no shield)
rNeg    + . .      Spirit   .    l - +1 ring mail "Luwnidd" {Int+2}
rPois   ∞          Reflect  .    (no helmet)
rElec   +          Harm     .    (no cloak)
rCorr   .          Rampage  .    (no gloves)
Will    .....                    (no boots)
Stlth   ..........               (no amulet)
HPRegen 0.10/turn                (no ring)
MPRegen 0.12/turn                (no ring)

@: confused
A: sickness immunity, AC +4, negative energy resistance 1, electricity
resistance, torment resistance 1, petrification resistance
a: no special abilities


You were on level 4 of the Dungeon.
You visited 1 branch of the dungeon, and saw 4 of its levels.

You collected 148 gold pieces.

Inventory:

Hand Weapons
 d - a +4 spear (weapon)
Missiles
 m - a throwing net
 n - a poisoned dart
 o - a javelin
Armour
 a - a +1 robe
 l - the +1 ring mail "Luwnidd" (worn) {Int+2}
   (You found it on level 4 of the Dungeon)

   Int:       It affects your intelligence (+2).
Wands
 f - a wand of paralysis (8)
 i - a wand of roots (5)
Scrolls
 p - a scroll of amnesia {unknown}
Potions
 b - a potion of magic
 c - a potion of ambrosia {unknown}
 e - a potion of lignification {unknown}
 g - 3 potions of curing {unknown}
 h - a potion of experience {unknown}
 j - 2 potions of attraction {unknown}
 k - a potion of cancellation {unknown}


   Skills:
 + Level 2.5 Dodging
 + Level 3.7 Stealth
 + Level 2.8 Spellcasting
 + Level 1.9 Transmutations
 * Level 5.5 Earth Magic


You had 6 spell levels left.
You knew the following spells:

 Your Spells              Type           Power      Damage    Failure   Level
a - Sandblast             Erth           50%        2d12      3%          1
b - Stone Arrow           Conj/Erth      28%        3d8       32%         3

Your spell library contained the following spells:

 Spells                   Type           Power      Damage    Failure   Level
 Passwall                 Tmut/Erth      14%        N/A       12%         2
 Petrify                  Tmut/Erth      17%        N/A       58%         4


Dungeon Overview and Level Annotations

Branches:
Dungeon (4/15)
 Temple: D:4-7

Altars:
Hepliaklqana
Nemelex Xobeh
Ru
Zin
The Shining One

Shops:
D:4 (


Innate Abilities, Weirdness & Mutations

You are immune to sickness and miasma.
Your stone body is resilient. (AC +4)
You are immune to poison.
You resist negative energy. (rN+)
You are resistant to electric shocks. (rElec)
You are resistant to unholy torment.
You are immune to petrification.


Message History

You hit something but do no damage. Something hits you but does no damage.
You miss something. Something hits you but does no damage.
You miss something. Something hits you.
You barely miss something.
You hear some strange, mumbled words.
A puff of flame appears from out of thin air!
The puff of flame hits you.
You miss something. Something hits you but does no damage.
You hit something.
You hear some strange, mumbled words.
Something tries to affect you, but you resist.
You miss something. Something hits you but does no damage.
You barely miss something. Something hits you.
Something hits you but does no damage.
You closely miss something. Something hits you.
You closely miss something. Something hits you.
You hit something.
You hear some strange, mumbled words.
A magic dart appears from out of thin air!
The magic dart hits you but does no damage.
You miss something. Something hits you.
You closely miss something.
You hear some strange, mumbled words.
A puff of flame appears from out of thin air!
The puff of flame hits you!
* * * LOW HITPOINT WARNING * * *
You closely miss something.
You hear some strange, mumbled words.
You are confused.
You're too confused to move!
You hear some strange, mumbled words.
Something tries to affect you, but you resist.
You bump into the rock wall.
Something hits you but does no damage.
You completely miss something. Something hits you.
* * * LOW HITPOINT WARNING * * *
You barely miss something.
You hear some strange, mumbled words.
A magic dart appears from out of thin air!
The magic dart hits you!
You die...

###.# .## #.......'......#......'
.#..##..###.....###......#...)..#
##..#............#.......#.......
.#......#........#.......'.......
##.....###.......#.......#.......
8#.....##...###..##......#......#
#####.##...# ###..'......#......'
⌠# #g.....# #.##.##...#####...##
#####.##.#...#..@..#.#'# #'#.#.
###....###......{#####. ...####
........####...#'# .....
........# #.###...# ..... .
....###.#.##.# .....+ ... '..
............ #...)..# #..
...######## #.......# ...
.#.#...(.(# +.......# ...∩....((#
.#.......#


There were no monsters in sight!

Vanquished Creatures
  A scorpion (D:4)
  A gnoll bouda (D:3)
  3 gnolls
  6 adders
  3 worms
  4 dart slugs
  3 orcs (D:4)
  6 bats
  6 endoplasms
  3 giant cockroaches
  9 goblins
  8 hobgoblins
  A quokka (D:1)
  3 training dummies (D:4)
  6 ball pythons
  7 frilled lizards
  9 kobolds
  3 rats
82 creatures vanquished.

Notes
Turn   | Place    | Note
-------+----------+-------------------------------------------
     0 | D:1      | purpskrrrp the Gargoyle Earth Elementalist began the quest
                  | for the Orb.
     0 | D:1      | Reached XP level 1. HP: 10/10 MP: 3/3
   212 | D:1      | Reached XP level 2. HP: 15/15 MP: 3/5
   350 | D:1      | Reached skill level 1 in Transmutations
   457 | D:1      | Reached skill level 4 in Earth Magic
   753 | D:2      | Reached XP level 3. HP: 19/19 MP: 2/6
  1574 | D:3      | Reached XP level 4. HP: 24/24 MP: 4/7
  1643 | D:3      | Found a faded altar of an unknown god.
  2168 | D:3      | Found a hazy altar of Hepliaklqana.
  2495 | D:4      | Reached XP level 5. HP: 28/28 MP: 8/8
  2776 | D:4      | Found a glowing golden altar of the Shining One.
  2787 | D:4      | Found a sacrificial altar of Ru.
  2787 | D:4      | Found a glowing silver altar of Zin.
  2830 | D:4      | Reached skill level 5 in Earth Magic
  2836 | D:4      | Learned a level 3 spell: Stone Arrow
  2878 | D:4      | Identified the +1 ring mail "Luwnidd" {Int+2}
  2905 | D:4      | Found a sparkling altar of Nemelex Xobeh.
  2928 | D:4      | Found Animeod's Firing Range.
  3243 | D:3      | Reached XP level 6. HP: 5/32 MP: 5/10
  3718 | D:4      | Killed from afar by an orc wizard

Illustrated notes

Levels and vault maps discovered:
D:1:      amcnicky_arrival_flooded_fountain, layout_basic, serial_glass,
          glass_columns_c, glass_columns_b, glass_columns_a, glass_columns_a,
          glass_columns_b, glass_columns_a
D:2:      layout_loops_ring, minmay_misc_feat_nine_boxes,
          grunt_decor_mini_mirrors
D:3:      layout_basic, worldfamousw_hep_ancestral_shrine,
          hellmonk_ecumenical_altar_leap_of_faith, nrook_campfire,
          hangedman_decor_push
D:4:      nicolae_cairo_tiling_very_big, layout_cave_pools, old_standard_altar,
          minitemple, nicolae_shop_firing_range

Skill      XL: |  1  2  3  4  5 |
---------------+----------------+-----
Transmutations | 1 |  1.9
Earth Magic    | 4 5 |  5.5
Dodging        | 2 |  2.5
Stealth        | 3 |  3.7
Spellcasting   | |  2.8

Action                   |  1- 3 |  4- 6 || total
-------------------------+-------+-------++-------
Melee: Spear             |     4 |    38 ||    42
 Cast: Sandblast         |    54 |    54 ||   108
       Stone Arrow       |       |     1 ||     1
  Use: Scroll            |       |     5 ||     5
 Stab: Sleeping          |       |     1 ||     1
Armor: Robe              |     1 |     7 ||     8
       Ring mail         |       |    32 ||    32
Dodge: Dodged            |     6 |    36 ||    42

Table legend: (Time is in decaauts)
 A = Elapsed time spent in this place.
 B = Non-inter-level travel time spent in this place.
 C = Inter-level travel time spent in this place.
 D = Time resting spent in this place.
 E = Time spent auto-exploring this place.
 F = Levels seen in this place.
 G = Mean time per level.
                   A        B        C        D        E       F      G
               +--------+--------+--------+--------+--------+-----+--------+
         Total |   3777 |   3621 |    156 |    692 |   2347 |   4 |  944.2 |
       Dungeon |   3777 |   3621 |    156 |    692 |   2347 |   4 |  944.2 |
               +--------+--------+--------+--------+--------+-----+--------+

Top non-repeatable levels by time:
     D:3: 1725 daAuts
     D:2: 835 daAuts
     D:1: 759 daAuts
     D:4: 456 daAuts
